 Dungeon Crawl Stone Soup version 0.21.0-3-g78d12a8 (webtiles) character file.

18 tidbits the Sneak (level 2, -1/14 HPs)
             Began as a Vine Stalker Air Elementalist on Jan 10, 2018.
             Slain by a howler monkey (7 damage)
             ... on level 2 of the Dungeon.
             The game lasted 00:02:57 (334 turns).

tidbits the Sneak (Vine Stalker Air Elementalist)    Turns: 334, Time: 00:02:58

Health: -1/14      AC:  2    Str: 10    XL:     2   Next: 66%
Magic:  0/6        EV: 12    Int: 15    God:
Gold:   11         SH:  0    Dex: 14    Spells: 2/5 levels left

rFire    . . .     SeeInvis .   j - +0 dagger
rCold    . . .     Gourm    .   (no shield)
rNeg     . . .     Faith    .   h - +0 robe
rPois    .         Spirit   +   (no helmet)
rElec    .         Reflect  .   (no cloak)
rCorr    .         Harm     .   (no gloves)
MR       .....                  (no boots)
Stlth    ++........             (no amulet)
HPRegen  0.04/turn              (no ring)
MPRegen  0.10/turn              (no ring)

@: no status effects
A: fangs 2, magic shield, antimagic bite, no potion heal 3, rot immunity
a: no special abilities


You were on level 2 of the Dungeon.
You were not hungry.

You visited 1 branch of the dungeon, and saw 2 of its levels.

You collected 11 gold pieces.

Inventory:

Hand Weapons
 a - a +0 club
 i - a +0 hand axe
 j - a +0 dagger (weapon)
Missiles
 e - 65 arrows
 f - 2 tomahawks (quivered)
Armour
 h - a +0 robe (worn)
Scrolls
 d - a scroll of fog {unknown}
 k - a scroll of teleportation {unknown}
Potions
 g - a potion of heal wounds {unknown}
Books
 b - a book of Air

   Spells                             Type                      Level
   a - Shock                          Conjuration/Air              1
   b - Swiftness                      Charms/Air                   2
   c - Static Discharge               Conjuration/Air              3
   d - Airstrike                      Air                          4
   e - Lightning Bolt                 Conjuration/Air              5
Comestibles
 c - a ration


   Skills:
 + Level 1.2 Fighting
 - Level 1.5 Dodging
 + Level 3.3 Stealth
 - Level 2.1 Spellcasting
 - Level 1.0 Conjurations
 - Level 3.0 Air Magic


You had 2 spell levels left.
You knew the following spells:

 Your Spells              Type           Power        Failure   Level  Hunger
a - Shock                 Conj/Air       #...         10%         1    #......
W - Swiftness             Chrm/Air       #.......     19%         2    ###....


Dungeon Overview and Level Annotations

Branches:
Dungeon (2/15)

Altars:


Innate Abilities, Weirdness & Mutations

You have extremely sharp teeth.
When hurt, damage is shared between your health and your magic reserves.
Your bite disrupts and absorbs the magic of your enemies.
Potions cannot restore your health.
You are immune to rotting.


Message History

Aim: a hobgoblin, wielding a club (resting)
You miscast Shock.
Nothing appears to happen.
Casting: Shock
Confirm with . or Enter, or press ? or * to list all spells.
Aiming: Shock
Press: ? - help, Shift-Dir - straight line, f/p - hobgoblin
Aim: a hobgoblin, wielding a club (resting)
The zap hits the hobgoblin.
The hobgoblin is almost dead.
The hobgoblin shouts!
Casting: Shock
Confirm with . or Enter, or press ? or * to list all spells.
You don't have enough magic to cast that spell.
Casting: Shock
Confirm with . or Enter, or press ? or * to list all spells.
You don't have enough magic to cast that spell.
Casting: Shock
Confirm with . or Enter, or press ? or * to list all spells.
Aiming: Shock
Press: ? - help, Shift-Dir - straight line, p - hobgoblin The zap hits the hobgoblin.
You kill the hobgoblin!
Things that are here:
a club; a hobgoblin corpse
Found a stone staircase leading down.
There is a stone staircase leading down here.
Your magical contamination has completely faded away.
There is a stone staircase leading down here.
You climb downwards.
A goblin and a howler monkey come into view.
Found a cloak.
There is a stone staircase leading up here.
Unknown command.
The goblin shouts!
You hear a howl!
The goblin unwields an uncursed club.
The goblin wields a hunting sling.
The goblin shoots a stone.
The stone hits you.
You see here a stone.
The goblin unwields an uncursed hunting sling.
The goblin wields an uncursed club.
The goblin closely misses you.
The howler monkey hoots and howls with incredible vigour!
The goblin unwields an uncursed club.
The goblin wields an uncursed hunting sling.
The goblin shoots a stone.
The stone hits you.
You see here a stone.
The goblin shoots a stone.
The stone barely misses you.
Found 15 sling bullets.
You see here a stone.
Casting: Shock
Confirm with . or Enter, or press ? or * to list all spells.
Aiming: Shock
Press: ? - help, Shift-Dir - straight line
Okay, then.
You hit the howler monkey but do no damage.
You bite the howler monkey. You drain its power.
You feel invigorated.
The howler monkey is lightly wounded.
The howler monkey hits you.
You hit the howler monkey.
The howler monkey is moderately wounded.
The howler monkey closely misses you.
You hit the howler monkey but do no damage.
The howler monkey is moderately wounded.
The howler monkey hoots and howls with incredible vigour!
You hear a shout!
You hit the howler monkey. You bite the howler monkey. You drain its power.
You feel invigorated.
The howler monkey is moderately wounded.
The howler monkey barely misses you.
The howler monkey hoots and howls with incredible vigour!
Casting: Shock
Confirm with . or Enter, or press ? or * to list all spells.
Aiming: Shock
Press: ? - help, Shift-Dir - straight line The zap hits the howler monkey.
The howler monkey is heavily wounded.
The zap hits the goblin.
The goblin is moderately wounded.
The zap hits the goblin.
You kill the goblin!
The howler monkey closely misses you.
Unknown command.
Casting: Shock
Confirm with . or Enter, or press ? or * to list all spells.
Aiming: Shock
Press: ? - help, Shift-Dir - straight line The zap hits the howler monkey.
The howler monkey is heavily wounded.
The zap misses the howler monkey.
The howler monkey hits you!
* * * LOW HITPOINT WARNING * * *
Casting: Shock
Confirm with . or Enter, or press ? or * to list all spells.
Aiming: Shock
Press: ? - help, Shift-Dir - straight line The zap hits the howler monkey.
The howler monkey is severely wounded.
The zap misses the howler monkey.
The howler monkey hoots and howls with incredible vigour!
The howler monkey hits you!
Ouch! That really hurt!
You die...

##### ## #..(
.# ###.#####.#
#.([....<.#
#.#(##(#..#.
#.#....#.....
#.#.........#.#
#)##.#.#......
#..h@..###.....
####.### ......
#.# .....# #.#
#.# #.# #.# #.#


You could see a howler monkey.

Vanquished Creatures
  A giant cockroach (D:1)
  6 goblins
  4 hobgoblins (D:1)
  2 bats (D:1)
  2 rats (D:1)
15 creatures vanquished.

Notes
Turn   | Place    | Note
-------+----------+-------------------------------------------
     0 | D:1      | tidbits the Vine Stalker Air Elementalist began the quest for the Orb.
     0 | D:1      | Reached XP level 1. HP: 9/9 MP: 4/4
   153 | D:1      | Reached XP level 2. HP: 11/14 MP: 1/6
   158 | D:1      | Learned a level 2 spell: Swiftness
   180 | D:1      | Reached skill level 3 in Stealth
   208 | D:1      | Reached skill level 1 in Fighting
   314 | D:2      | Noticed a howler monkey
   334 | D:2      | Slain by a howler monkey

Skill      XL: |  1  2 |
---------------+-------+-----
Stealth        | 3 |  3.3
Fighting       | 1 |  1.2
Dodging        | |  1.5
Spellcasting   | |  2.1
Conjurations   | |  1.0
Air Magic      | |  3.0

Action                   || total
-------------------------++-------
Melee: Dagger            ||     9
       Bite              ||     2
 Cast: Shock             ||    20
 Stab: Sleeping          ||     3
Armor: Robe              ||     2
Dodge: Dodged            ||     9

Table legend:
 A = Turns spent in this place as a percentage of turns spent in the entire game.
 B = Non-inter-level travel turns spent in this place as a percentage of non-inter-level travel turns spent in the entire game.
 C = Inter-level travel turns spent in this place as a percentage of turns spent in this place.
 D = Turns resting spent in this place as a percentage of non-inter-level travel turns spent in this place.
 E = Turns spent auto-exploring this place as a percentage of non-inter-level travel turns spent in this place.
 F = Non-inter-level travel turns spent in this place divided by the number of levels of this place that you've seen.
                   A       B       C       D       E      F
               +-------+-------+-------+-------+-------+----------------------
         Total | 100.0 | 100.0 |   0.0 |   0.0 |   0.0 | 167.0
       Dungeon | 100.0 | 100.0 |   0.0 |   0.0 |   0.0 | 167.0
               +-------+-------+-------+-------+-------+----------------------

Table legend:
 A = Kills in this place as a percentage of kills in entire the game.
 B = Kills by you in this place as a percentage of kills by you in the entire game.
 C = Kills by friends in this place as a percentage of kills by friends in the entire game.
 D = Other kills in this place as a percentage of other kills in the entire game.
 E = Experience gained in this place as a percentage of experience gained in the entire game.
 F = Experience gained in this place divided by the number of levels of this place that you have seen.
                   A       B       C       D       E      F
               +-------+-------+-------+-------+-------+----------------------
         Total | 100.0 | 100.0 |   N/A |   N/A | 100.0 |  13.0
       Dungeon | 100.0 | 100.0 |   N/A |   N/A | 100.0 |  13.0
               +-------+-------+-------+-------+-------+----------------------

Vault maps used:
D:1:      dpeg_arrival_concentric_ovals
